Map: Orbital Shipyard

Players

Avokado - Winner!

  • Race: Terran Terran
  • League: Grandmaster

Miszu

  • Race: Terran Terran
  • League: Grandmaster

VOD

Have the link to the VOD?

Description

Time

  • Played on: Feb. 15, 2016, 11:16 a.m.
  • Length: 3:38
Show
View Real Time Build Order
Export as new Build Order

Avokado Terran - Winner!

Build Orders:  

Get SALT Encoding   

  12  0:00  SCV  
  13  0:13  SCV  
  14  0:17  Supply Depot  
  14  0:25  SCV  
  15  0:39  SCV  
  15  0:41  Barracks  
  16  0:43  Refinery  
  16  0:51  SCV  
  17  0:59  Barracks  
  17  1:03  SCV  
  18  1:15  SCV  
  19  1:27  Orbital Command  
  19  1:28  Reaper  
  20  1:35  Bunker  
  20  1:47  Reaper  
  20  1:51  Supply Depot  
  21  2:00  SCV  
  21  2:06  Reaper  
  22  2:12  SCV  
  22  2:24  Reaper  
  22  2:25  SCV  
  24  2:38  SCV  
  24  2:43  Refinery  
  24  2:44  Reaper  
  26  2:47  Command Center  
  26  2:50  SCV  
  27  2:53  Supply Depot  
  27  3:01  Reaper  
  27  3:02  SCV  
  28  3:14  SCV  
Show
View Real Time Build Order
Export as new Build Order

Miszu Terran 

Build Orders:  

Get SALT Encoding   

  12  0:00  SCV  
  13  0:13  SCV  
  14  0:17  Supply Depot  
  14  0:26  SCV  
  15  0:39  Barracks  
  15  0:53  Barracks  
  15  1:06  Barracks  
  15  1:27  Marine  
  15  1:28  Barracks  
  16  1:40  Marine  
  16  1:41  Supply Depot  
  16  1:45  Marine  
  18  1:52  Marine  
  19  1:58  Marine  
  20  2:02  Marine  
  20  2:10  Marine  
  21  2:15  Marine  
  21  2:17  Marine  
  21  2:20  Marine  
  24  2:28  Marine  
  25  2:33  Marine  
  25  2:35  Marine  
  26  2:38  Marine  
Tags
 
Add a new tag
Caveats
  • Supply blocks, unpowered buildings, or Contaminate may cause inaccurate times.
  • Supply counts are checked every 10 seconds.